 Dungeon Crawl Stone Soup version 0.30-b1-2-g02819fbbbe (webtiles) character file.

Game seed: 18010195823150500360

23 redmage the Digger (level 3, 0/26 HPs)
             Began as a Meteoran Earth Elementalist on Aug 7, 2023.
             Slain by a kobold
             ... wielding a +0 short sword
              (3 damage)
             ... on level 4 of the Dungeon.
             The game lasted 00:04:00 (241 turns).

redmage the Digger (Meteoran Earth Elementalist)     Turns: 241, Time: 00:04:01

Health: 0/26       AC:  2    Str:  9    XL:     3   Next: 26%
Magic:  2/8        EV: 12    Int: 18    God:
Gold:   44         SH:  0    Dex: 15    Spells: 2/8 levels left

rFire   . . .        (no weapon)
rCold   . . .        (no shield)
rNeg    . . .        a - +0 robe
rPois   .            (no helmet)
rElec   .            (no cloak)
rCorr   .            (no gloves)
SInv    .            (no boots)
Will    .....        (no amulet)
Stlth   +            (no ring)
HPRegen 0.24/turn    (no ring)
MPRegen 0.11/turn

%: no passive effects
@: glowing
A: sense surroundings 1, otherworldly, glowing, explore regen
a: no special abilities


You were on level 4 of the Dungeon.
You visited 1 branch of the dungeon, and saw 4 of its levels.

You collected 44 gold pieces.

Inventory:

Armour
 a - a +0 robe (worn)
Potions
 b - a potion of magic
 c - a potion of haste {unknown}
 e - a potion of mutation


   Skills:
 - Level 2.4 Dodging
 - Level 1.4 Stealth
 - Level 3.0 Spellcasting
 * Level 0.6 Conjurations
 - Level 1.8 Transmutations
 + Level 4.3 Earth Magic


You had 2 spell levels left.
You knew the following spells:

 Your Spells              Type           Power      Damage    Failure   Level
a - Sandblast             Erth           36%        2d10      2%          1
b - Passwall              Tmut/Erth      10%        N/A       7%          2
c - Stone Arrow           Conj/Erth      22%        3d8       17%         3

Your spell library contained the following spells:

 Spells                   Type           Power      Damage    Failure   Level
 Petrify                  Tmut/Erth      13%        N/A       41%         4


Dungeon Overview and Level Annotations

Branches:
Dungeon (4/15) Zot: 2146
 Temple: D:4-7

Altars:
Elyvilon
Xom


Innate Abilities, Weirdness & Mutations

You passively map a small area around you.
You are easily found by Zot.
You glow in the dark.
You regain HP and MP as you explore.


Message History

Casting: Sandblast (safe; 2% risk of failure)
Confirm with . or Enter, or press ? or * to list all spells.
Aiming: Sandblast (safe; 2% risk of failure)
Press: ? - help, Shift-Dir - straight line, f - kobold
Aim: a kobold, wielding a +0 club and quivering stones (77% to hit)
The blast of sand hits the kobold!
You kill the kobold!
The kobold hits you with a +0 short sword.
The kobold hits you with a +0 whip.
Casting: Sandblast (safe; 2% risk of failure)
Confirm with . or Enter, or press ? or * to list all spells.
Aiming: Sandblast (safe; 2% risk of failure)
Press: ? - help, Shift-Dir - straight line, f - kobold
Aim: a kobold, wielding a +0 short sword and quivering stones (77% to hit)
The blast of sand misses the kobold.
The blast of sand hits the kobold!
You kill the kobold!
The kobold hits you but does no damage. The kobold hits you with a +0 whip.
Unknown command.
Casting: Sandblast (safe; 2% risk of failure)
Confirm with . or Enter, or press ? or * to list all spells.
Aiming: Sandblast (safe; 2% risk of failure)
Press: ? - help, Shift-Dir - straight line, f/p - kobold
Aim: a kobold, wielding a +0 short sword and quivering stones (77% to hit)
The blast of sand hits the kobold.
The kobold is heavily wounded.
The kobold hits you but does no damage. x2; The kobold hits you with a +0 whip.
The kobold hits you with a +0 short sword.
Casting: Sandblast (safe; 2% risk of failure)
Confirm with . or Enter, or press ? or * to list all spells.
Aiming: Sandblast (safe; 2% risk of failure)
Press: ? - help, Shift-Dir - straight line, f/p - kobold
Aim: a kobold, wielding a +0 short sword and quivering stones (heavily wounded, 77% to hit)
The blast of sand hits the kobold but does no damage.
The kobold is heavily wounded.
The kobold hits you with a +0 whip.
* * * LOW HITPOINT WARNING * * *
The kobold hits you with a +0 short sword.
* * * LOW HITPOINT WARNING * * *
The kobold hits you with a +0 short sword.
You die...

, , , , , ######### .##
** * * . ...##.# ..*
*#### ####.#..# #.* ###
#...( *, ##......##
#.###.##..... *
...#.....# #..##.'......
.....###.####...)'......
*
...............KKK.(....
*
########.#####†.@##.$...
, , ,,, ...........#
,..., + * *
###.........# * # , ,
,...........# * * * , ,
, ............., ,,
...............
*################* * , *
*


You could see 3 kobolds.

Vanquished Creatures
  An adder (D:3)
  A ball python (D:4)
  An endoplasm (D:3)
  2 giant cockroaches
  2 goblins
  A hobgoblin (D:1)
  4 kobolds
  A frilled lizard (D:3)
13 creatures vanquished.

Vanquished Creatures (others)
  8 fungi (D:3)
  6 toadstools (D:4)
14 creatures vanquished.

Grand Total: 27 creatures vanquished

Notes
Turn   | Place    | Note
-------+----------+-------------------------------------------
     0 | D:1      | redmage the Meteoran Earth Elementalist began the quest for
                  | the Orb.
     0 | D:1      | Reached XP level 1. HP: 14/14 MP: 5/5
    70 | D:2      | Reached XP level 2. HP: 20/20 MP: 6/6
    78 | D:3      | Found a white marble altar of Elyvilon.
   107 | D:3      | Reached skill level 4 in Earth Magic
   120 | D:3      | Found a shimmering altar of Xom.
   170 | D:3      | Reached XP level 3. HP: 18/26 MP: 5/8
   174 | D:3      | Learned a level 2 spell: Passwall
   178 | D:3      | Learned a level 3 spell: Stone Arrow
   241 | D:4      | Slain by a kobold

Illustrated notes

Levels and vault maps discovered:
D:1:      kennysheep_arrival_seaside, layout_basic,
          chequers_ecumenical_altar_island, serial_bayou_pond_e
D:2:      layout_basic, basic_altar, minivault_27
D:3:      layout_basic, mainiacjoe_overflow_catch_the_wave, feat_on_display,
          uniq_sigmund, uniq_jessica, uniq_robin
D:4:      cheibrodos_fertilizer, layout_basic, chequers_serial_rivers_large_b

Skill      XL: |  1  2 |
---------------+-------+-----
Spellcasting   | 3 |  3.0
Earth Magic    | 4 |  4.3
Dodging        | |  2.4
Stealth        | |  1.4
Conjurations   | |  0.6
Transmutations | |  1.8

Action                     || total
---------------------------++-------
   Cast: Sandblast         ||    23
    Use: Scroll            ||     2
 Armour: Robe              ||     5
  Dodge: Dodged            ||     7
